 Dungeon Crawl Stone Soup version 0.23-a0-405-g368ce00 (webtiles) character file.

127 MisterFreud the Sneak (level 4, 0/21 HPs)
             Began as a Felid Transmuter on Nov 6, 2018.
             Slain by a bullfrog (6 damage)
             ... in a sewer.
             The game lasted 00:10:30 (3638 turns).

MisterFreud the Sneak (Felid Transmuter)            Turns: 3638, Time: 00:10:31

Health: 0/21       AC:  2    Str:  7    XL:     4   Next: 85%
Magic:  4/8        EV: 21    Int: 14    God:
Gold:   46         SH:  0    Dex: 22    Spells: 1/7 levels left
                                        Lives:  0   Deaths: 1

rFire    . . .     SeeInvis +     - Unarmed
rCold    . . .     Gourm    .   (shield unavailable)
rNeg     . . .     Faith    .   (armour unavailable)
rPois    x         Spirit   .   (helmet unavailable)
rElec    .         Reflect  .   (cloak unavailable)
rCorr    .         Harm     .   (gloves unavailable)
MR       .....                  (boots unavailable)
Stlth    +++.......             (no amulet)
HPRegen  0.07/turn              (no ring)
MPRegen  0.11/turn              (no ring)

@: spider-form (expiring), very slightly contaminated
A: tiny, no armour, no weapons or thrown items, stealth, see invisible,
carnivore, slow metabolism 1
a: End Transformation


You were in a sewer.
You were very full.
You were a venomous arachnid creature.
You visited 1 branch of the dungeon, and saw 3 of its levels.
You also visited: Sewer.

You collected 46 gold pieces.

Inventory:

Missiles
 a - 44 arrows
Scrolls
 b - a scroll of identify
 e - 2 scrolls of remove curse
 f - a scroll of teleportation
Potions
 d - a potion of brilliance
 i - a potion of flight
 l - a potion of mutation
 n - a potion of agility
Comestibles
 c - 6 rations
 g - 2 chunks of flesh


   Skills:
 - Level 3.0 Fighting
 - Level 2.6 Dodging
 - Level 5.0 Stealth
 + Level 3.1 Unarmed Combat
 - Level 2.0 Spellcasting
 - Level 4.0 Transmutations


You had one spell level left.
You knew the following spells:

 Your Spells              Type           Power        Failure   Level  Hunger
a - Beastly Appendage     Tmut           ##....       14%         1    ##.....
b - Sticks to Snakes      Tmut           ##......     19%         2    ###....
c - Spider Form           Tmut/Pois      #.........   52%         3    ####...

Your spell library contained the following spells:

 Spells                   Type           Power        Failure   Level  Hunger
 Ice Form                 Ice/Tmut       #.......     87%         4    #####..
 Blade Hands              Tmut           ##........   90%         5    ######.


Dungeon Overview and Level Annotations

Branches:
Dungeon (3/15)

Altars:
Wu Jian


Innate Abilities, Weirdness & Mutations

You cannot wear armour.
You are incapable of wielding weapons or throwing items.
Your paws allow you to move quietly. (Stealth)
((You have sharp claws.))
((You have razor-sharp teeth.))
You have supernaturally acute eyesight. (SInv)
You are carnivorous and can eat meat at any time.
((You cover ground quickly.))
((You are covered in fur. (AC +1)))
You have a slow metabolism.
((Your sharp claws are effective at attacking unaware monsters.))


Message History

Your adder dies!
The bullfrog barely misses you.
Casting: Spider Form (quite dangerous; 52% risk of failure)
Confirm with . or Enter, or press ? or * to list all spells.
You miscast Sticks to Snakes.
You are very lightly contaminated with residual magic.
Nothing appears to happen.
The bullfrog completely misses you. The bullfrog closely misses you.
You enter the shallow water.
Moving in this stuff is going to be slow.
The bullfrog misses you. The bullfrog completely misses you.
The bullfrog barely misses you.
You see here a ball python skeleton.
Your transformation is almost over.
The bullfrog closely misses you.
Casting: Sticks to Snakes (safe; 19% risk of failure)
Confirm with . or Enter, or press ? or * to list all spells.
You miscast Sticks to Snakes.
Nothing appears to happen.
The bullfrog completely misses you. The bullfrog hits you.
You die...

#############
#≈≈.≈≈..≈≈≈.#####
#≈≈≈≈≈.≈≈..≈..∩.###
#≈≈≈#########≈...≈##
####≈≈≈≈≈≈≈≈.≈≈####≈.∩#
##≈≈#≈≈≈≈≈#####.≈≈.#####
####≈≈≈#######≈∩≈#≈≈≈≈≈≈≈##
##≈≈≈≈≈≈≈#..≈.≈≈≈≈####≈≈≈≈.#
##≈≈≈≈#≈≈##Fs.≈≈≈≈≈≈≈≈###≈≈≈≈
#.≈≈≈##≈†#÷F#######≈≈≈≈≈##≈≈≈
##≈≈≈##≈≈##≈.#.≈≈≈≈###≈≈.≈##≈≈
#≈≈≈≈#≈≈.#≈≈.≈.≈≈≈≈≈ ##.≈≈.#≈.
##.≈≈##≈≈.#.≈≈.≈.≈≈≈≈ ##≈≈≈##.
#.≈≈≈#≈≈.≈#≈≈≈≈.≈≈≈≈≈ #≈.≈≈#.
#∩÷..#.≈≈≈#.≈.$.!.≈≈. #.≈.≈#≈
#..≈≈#≈.≈≈#≈.≈.?([..≈ #≈.≈≈#≈
##≈≈≈##≈.≈##≈≈≈...≈≈≈ ##.≈≈##≈


You could see 2 bullfrogs.

Vanquished Creatures
  5 adders
  A howler monkey skeleton (D:2)
  A river rat (D:3)
  10 oozes
  3 worms
  4 dart slugs (D:1)
  10 leopard geckos
  A bat (D:1)
  10 giant cockroaches
  3 hobgoblins
  8 jackals
  A quokka (D:2)
  16 ball pythons
  6 frilled lizards
  6 goblins (D:1)
  5 kobolds
  4 rats
94 creatures vanquished.

Vanquished Creatures (collateral kills)
  2 leopard geckos (Sewer)
  A frilled lizard (Sewer)
3 creatures vanquished.

Grand Total: 97 creatures vanquished

Notes
Turn   | Place    | Note
-------+----------+-------------------------------------------
     0 | D:1      | MisterFreud the Felid Transmuter began the quest for the
                  | Orb.
     0 | D:1      | Reached XP level 1. HP: 9/9 MP: 4/4
    43 | D:1      | Reached skill level 1 in Stealth
   288 | D:1      | Reached skill level 2 in Stealth
   584 | D:1      | Reached XP level 2. HP: 12/12 MP: 4/6
   622 | D:1      | Reached skill level 3 in Stealth
   867 | D:1      | Reached skill level 4 in Stealth
   900 | D:1      | Reached XP level 3. HP: 15/15 MP: 7/7
  1161 | D:1      | Learned a level 2 spell: Sticks to Snakes
  1165 | D:1      | Learned a level 3 spell: Spider Form
  1305 | D:2      | Found an ornate altar of the Wu Jian Council.
  1350 | D:2      | Reached skill level 5 in Stealth
  1491 | D:2      | Reached XP level 4. HP: 7/19 MP: 6/8
  2624 | D:3      | Found a glowing drain.
  2638 | Sewer    | Entered a sewer
  2972 | Sewer    | Reached XP level 5. HP: 23/24 MP: 4/9
  3346 | Sewer    | HP: 1/24 [ball python (1)]
  3347 | Sewer    | Succumbed to an adder's poison
  3348 | Sewer    | Reached XP level 4. HP: 0/21 MP: 7/8
  3598 | Sewer    | Noticed a bullfrog
  3629 | Sewer    | Noticed a bullfrog
  3638 | Sewer    | Slain by a bullfrog

Vault maps used:
D:1:      dpeg_arrival_connections
D:2:      lemuel_round_altar, first_ration
D:3:      cheibrodos_sewer_entry_sluice, cheibriados_altar_1
Sewer:    sewer_frog_island_02

Skill      XL: |  1  2  3  4  5 |
---------------+----------------+-----
Stealth        | 2 4 5 |  5.0
Fighting       | 3 |  3.0
Transmutations | 4 3 |  4.0
Dodging        | |  2.6
Unarmed Combat | |  3.1
Spellcasting   | |  2.0

Action                   |  1- 3 |  4- 6 || total
-------------------------+-------+-------++-------
Melee: Unarmed           |    90 |   169 ||   259
       Bite              |     9 |     1 ||    10
       Headbutt          |    14 |    11 ||    25
 Cast: Beastly Appendage |    19 |    10 ||    29
       Spider Form       |       |    19 ||    19
       Sticks to Snakes  |       |     2 ||     2
 Abil: End Transformatio |       |     1 ||     1
  Use: Scroll            |       |    11 ||    11
       Potion            |       |     2 ||     2
 Stab: Sleeping          |    11 |     3 ||    14
  Eat: Chunk             |     9 |    12 ||    21
Armor: Skin              |     2 |    17 ||    19
Dodge: Dodged            |    57 |   200 ||   257

Table legend:
 A = Non-vault XP
 B = Vault XP
 C = Vault XP percentage of total XP
 D = Non-vault monster count
 E = Vault monster count
 F = Vault count percentage of total count
                 A         B        C        D         E       F
            +---------+---------+-------+---------+---------+-------
      Total |     119 |     207 |  63.5 |      43 |      54 |  55.7
            +---------+---------+-------+---------+---------+-------
        D:1 |      57 |       0 |   0.0 |      26 |       0 |   0.0
        D:2 |      48 |       0 |   0.0 |      16 |       0 |   0.0
        D:3 |      14 |      22 |  61.1 |       1 |       4 |  80.0
      Sewer |       0 |     185 | 100.0 |       0 |      50 | 100.0
            +---------+---------+-------+---------+---------+-------
